 Dungeon Crawl Stone Soup version 0.29.1-15-g9cfb28693d (webtiles) character file.

Game seed: 490855950639178613

24635 javelincjr the Conjurer (level 12, -2/91 HPs)
             Began as a Demonspawn Hedge Wizard on Mar 28, 2023.
             Was a Follower of Sif Muna.
             Slain by a skeletal warrior
             ... wielding a +0 war axe
              (25 damage)
             ... on level 12 of the Dungeon.
             The game lasted 01:34:15 (17639 turns).

javelincjr the Conjurer (Demonspawn Hedge Wizard)  Turns: 17639, Time: 01:34:16

Health: -2/91      AC: 15    Str: 13    XL:     12   Next: 82%
Magic:  3/32       EV: 22    Int: 21    God:    Sif Muna [*.....]
Gold:   1080       SH:  0    Dex: 21    Spells: 14/26 levels left

rFire   + . .      SeeInvis +   X - +8 shortbow of Woe {freeze, rF+ Dex+4}
rCold   + . .      Faith    .   (shield currently unavailable)
rNeg    . . .      Spirit   .   K - +1 robe "Zeuhugow" {Will+ rCorr Dex+3 Archmagi}
rPois   +          Reflect  .   c - +0 hat
rElec   +          Harm     .   Z - +1 cloak
rCorr   +          Rampage  .   v - +2 pair of gloves
Will    ++...      Archmagi +   z - +2 pair of boots
Stlth   ++++......              r - amulet of magic regeneration
HPRegen 0.25/turn               W - ring of Lomono {rElec Will+ Int+2 Dex+2}
MPRegen 0.63/turn               M - ring "Biek" {Fly rPois MP+9 SInv}

@: agile, flying
A: horns 2, yellow scales 2, powered by pain 1, demonic magic 2, cold resistance
1, sense surroundings 1, evolution 1
a: Renounce Religion, Channel Magic


You were on level 12 of the Dungeon.
You worshipped Sif Muna.
Sif Muna was aware of your devotion.
You visited 2 branches of the dungeon, and saw 14 of its levels.

You collected 1137 gold pieces.
You spent 57 gold pieces at shops.

Inventory:

Hand Weapons
 D - a +7 vorpal hand axe
 S - a +4 trident of flaming
 U - a +1 spear of distortion
 X - the +8 shortbow of Woe (weapon) {freeze, rF+ Dex+4}
   (You found it on level 9 of the Dungeon)

   Any ammunition fired from it freezes those it strikes, dealing additional
   cold damage.
   It can also slow down cold-blooded creatures.
   Dex:       It affects your dexterity (+4).
   rF:        It protects you from fire.
Missiles
 E - 35 poisoned darts
Armour
 c - a +0 hat (worn)
 v - a +2 pair of gloves (worn)
 z - a +2 pair of boots (worn)
 K - the +1 robe "Zeuhugow" (worn) {Will+ rCorr Dex+3 Archmagi}
   (You found it on level 7 of the Dungeon)

   Dex:       It affects your dexterity (+3).
   rCorr:     It protects you from acid and corrosion.
   Archmagi:  It increases the power of your magical spells.
   Will:      It increases your willpower.
 V - a +0 buckler
 Z - a +1 cloak (worn)
Magical Staves
 G - a staff of air
Jewellery
 g - a ring of see invisible
 r - an amulet of magic regeneration (around neck)
 H - an amulet of regeneration
 M - the ring "Biek" (right hand) {Fly rPois MP+9 SInv}
   (You found it on level 7 of the Dungeon)

   [ring of magical power]

   rPois:     It protects you from poison.
   MP:        It affects your magic capacity (+9).
   SInv:      It lets you see invisible.
   Fly:       It grants you flight.
 W - the ring of Lomono (left hand) {rElec Will+ Int+2 Dex+2}
   (You found it on level 9 of the Dungeon)

   [ring of willpower]

   Int:       It affects your intelligence (+2).
   Dex:       It affects your dexterity (+2).
   rElec:     It insulates you from electricity.
   Will:      It increases your willpower.
Wands
 p - a wand of mindburst (23)
 w - a wand of charming (19)
 x - a wand of polymorph (4)
 F - a wand of flame (29)
 O - a wand of roots (12)
 Q - a wand of light (19)
 Y - a wand of digging (2)
Scrolls
 b - a scroll of fear
 e - 4 scrolls of teleportation
 f - 2 scrolls of vulnerability
 i - 3 scrolls of blinking
 l - 2 scrolls of summoning
 s - a scroll of immolation
 y - 3 scrolls of fog
 J - a scroll of poison
Potions
 a - a potion of heal wounds
 d - a potion of magic
 h - a potion of lignification {unknown}
 j - 7 potions of curing
 k - 5 potions of brilliance
 m - 2 potions of invisibility {unknown}
 n - 3 potions of berserk rage {unknown}
 o - 2 potions of resistance
 t - 3 potions of flight {unknown}
 u - 2 potions of attraction {unknown}
 B - 2 potions of ambrosia {unknown}
 N - a potion of cancellation {unknown}
Miscellaneous
 T - a condenser vane


   Skills:
 + Level 7.4 Fighting
 + Level 2.9 Ranged Weapons
 + Level 6.7 Armour
 + Level 7.1 Dodging
 + Level 7.6 Stealth
 + Level 2.8 Shields
 + Level 7.5 Spellcasting
 + Level 7.7 Conjurations
 + Level 7.5 Summonings
 + Level 6.9 Translocations
 + Level 1.2 Fire Magic
 + Level 1.2 Air Magic
 + Level 1.2 Poison Magic
 + Level 1.9 Invocations


You had 14 spell levels left.
You knew the following spells:

 Your Spells              Type           Power      Damage    Failure   Level
a - Magic Dart            Conj           100%       1d8       1%          1
b - Blink                 Tloc           100%       N/A       1%          2
c - Call Imp              Summ           56%        N/A       1%          2
d - Iskenderun's Mystic   Conj/Tloc      55%        2d12      4%          4
e - Poisonous Vapours     Pois/Air       38%        N/A       8%          2
f - Foxfire               Conj/Fire      100%       2x1d9     1%          1

Your spell library contained the following spells:

 Spells                   Type           Power      Damage    Failure   Level
 Summon Small Mammal      Summ           100%       N/A       1%          1
 Call Canine Familiar     Summ           56%        N/A       1%          3
 Conjure Flame            Conj/Fire      40%        6-21      4%          3
 Dazzling Flash           Conj/Hex       72%        N/A       4%          3
 Summon Guardian Golem    Hex/Summ       35%        N/A       5%          3
 Mephitic Cloud           Conj/Pois/Air  33%        N/A       6%          3
 Sting                    Tmut/Pois      60%        1d6       7%          1
 Necrotise                Necr           44%        1d6       9%          1
 Slow                     Hex            44%        N/A       9%          1
 Flame Wave               Conj/Fire      40%        2d11      13%         4
 Ignite Poison            Fire/Tmut/Pois 16%        N/A       19%         3
 Inner Flame              Hex/Fire       15%        N/A       21%         3
 Confusing Touch          Hex            11%        N/A       26%         3
 Vampiric Draining        Necr           11%        2d6       26%         3
 Olgreb's Toxic Radiance  Pois           19%        N/A       45%         4
 Freezing Cloud           Conj/Ice/Air   15%        6-21      56%         5
 Starburst                Conj/Fire      20%        6d7       90%         6
 Agony                    Necr           11%        N/A       93%         5


Dungeon Overview and Level Annotations

Branches:
Dungeon (13/15)            Temple (1/1) D:5            Lair (0/5) D:10
    Orc (0/2) D:11
 Vaults: D:13-14

Altars:
Ashenzari
Cheibriados
Dithmenos
Fedhas
Gozag
Hepliaklqana
Kikubaaqudgha
Makhleb
Nemelex Xobeh
Okawaru
Qazlal
Ru
Sif Muna
Trog
Uskayaw
Vehumet
Wu Jian
Xom
Yredelemnul

Shops:
D:2 *

Portals:
Trove: D:13 (give 4 potions of resistance)


Innate Abilities, Weirdness & Mutations

You have a pair of horns on your head.
You are mostly covered in yellow scales. (AC +3)
You sometimes gain a little power by taking damage.
Spells you cast may paralyse nearby enemies.
Your flesh is cold resistant. (rC+)
You passively map a small area around you.
You have hidden genetic potential.


Message History

You fly upwards.
There is a stone staircase leading down here.
The skeletal warrior attacks as you move away!
The skeletal warrior hits you with a +0 war axe!
Casting: Iskenderun's Mystic Blast (dangerous; 4% risk of failure)
Confirm with . or Enter, or press ? or * to list all spells.
You feel a surge of power!
You erupt in a blast of force!
The mystic blast hits the skeletal warrior!
The skeletal warrior is moderately damaged.
The skeletal warrior is knocked back by the mystic blast.
Malevolent energies surge around you.
Fire: X) +8 shortbow of Woe {freeze, rF+ Dex+4}
Press: ? - help, Q - select action, (/) - cycle Shift-Dir - straight line, f - skeletal warrior
Aim: a skeletal warrior, wielding a +0 war axe (moderately damaged, 73% to hit)
You shoot an arrow. The arrow hits the skeletal warrior!
The arrow freezes the skeletal warrior.
The skeletal warrior is heavily damaged.
Fire: X) +8 shortbow of Woe {freeze, rF+ Dex+4}
Press: ? - help, Q - select action, (/) - cycle Shift-Dir - straight line, f/p - skeletal warrior
Aim: a skeletal warrior, wielding a +0 war axe (heavily damaged, 73% to hit)
You shoot an arrow.
The arrow hits the skeletal warrior but does no damage.
The skeletal warrior is heavily damaged.
Casting: Iskenderun's Mystic Blast (dangerous; 4% risk of failure)
Confirm with . or Enter, or press ? or * to list all spells.
You feel a surge of power!
You erupt in a blast of force!
The mystic blast hits the skeletal warrior but does no damage.
The skeletal warrior is heavily damaged.
Malevolent energies surge around you.
The skeletal warrior hits you with a +0 war axe!
Fire: X) +8 shortbow of Woe {freeze, rF+ Dex+4}
Press: ? - help, Q - select action, (/) - cycle Shift-Dir - straight line, f/p - skeletal warrior
Aim: a skeletal warrior, wielding a +0 war axe (heavily damaged, 73% to hit)
You shoot an arrow.
The arrow hits the skeletal warrior but does no damage.
The skeletal warrior is heavily damaged.
The skeletal warrior hits you with a +0 war axe.
* * * LOW HITPOINT WARNING * * *
The skeletal warrior hits you with a +0 war axe!!
You die...

........#......#...............#.
........#.##...#...............#.
#######'#......##'############'#.
.................................
.................................
#...####..........>......##......
#...........##...####....##......
#................................
................@z...............
#################################


You could see a skeletal warrior.

Vanquished Creatures
  Frances (D:12)
  Fannar (D:12)
  A vault guard (D:13)
  2 boulder beetles
  5 two-headed ogres
  Pikel (D:5)
  4 cyclopes
  2 ugly things
  2 manticores
  Joseph (D:7)
  An elephant (D:10)
  2 gargoyles
  An unseen horror (D:13)
  A kobold demonologist (D:10)
  A komodo dragon (D:12)
  2 trolls
  2 hornets
  9 slime creatures (D:12)
  A shadow (D:12)
  3 wraiths
  4 wyverns
  6 yaks
  3 basilisks
  3 steam dragons
  14 vampire mosquitoes
  5 acid dragons
  A water moccasin (D:5)
  An ice beast (D:8)
  A sky beast (D:6)
  5 orc warriors
  6 black bears
  A black bear (shapeshifter) (D:13)
  4 centaurs
  6 kobold brigands
  3 bullfrogs
  4 gnoll sergeants
  3 necrophages (D:6)
  3 scorpions
  7 wights
  5 killer bees
  2 howler monkeys
  An electric eel (D:6)
  5 hounds
  6 orc priests
  3 iguanas
  10 orc wizards
  14 gnolls
  6 adders
  2 white imps
  An ufetubus (D:6)
  A worm (D:4)
  2 dart slugs (D:3)
  29 orcs
  A ball python (D:4)
  8 bats
  8 endoplasms
  2 giant cockroaches
  6 goblins
  9 hobgoblins
  3 jackals (D:3)
  20 kobolds
  3 quokkas
  4 frilled lizards
  5 rats
279 creatures vanquished.

Vanquished Creatures (collateral kills)
  A hydra (D:9)
  A yak (D:6)
  A necrophage (D:8)
  2 kobolds (D:6)
5 creatures vanquished.

Vanquished Creatures (others)
  An orc wizard (D:7)
  2 orcs (D:9)
  201 foxfires
  A fungus (D:1)
  31 plants
236 creatures vanquished.

Grand Total: 520 creatures vanquished

Notes
Turn   | Place    | Note
-------+----------+-------------------------------------------
     0 | D:1      | javelincjr the Demonspawn Hedge Wizard began the quest for
                  | the Orb.
     0 | D:1      | Reached XP level 1. HP: 13/13 MP: 4/4
   374 | D:1      | Reached skill level 1 in Translocations
   528 | D:1      | Gained mutation: Spells you cast may paralyse adjacent
                  | enemies. [demonic ancestry]
   528 | D:1      | Reached XP level 2. HP: 14/19 MP: 1/6
   611 | D:1      | Found a faded altar of an unknown god.
  1219 | D:2      | Reached XP level 3. HP: 24/25 MP: 4/7
  1268 | D:2      | Reached skill level 1 in Fighting
  1766 | D:2      | Found Cirhel's Assorted Antiques.
  1780 | D:2      | Bought a scroll labelled DATZATEYHI for 21 gold pieces
  1780 | D:2      | Bought a puce potion for 18 gold pieces
  1780 | D:2      | Bought a lumpy golden potion for 18 gold pieces
  1999 | D:3      | Gained mutation: You are partially covered in yellow
                  | scales. (AC +2) [demonic ancestry]
  1999 | D:3      | Reached XP level 4. HP: 32/32 MP: 6/8
  2249 | D:3      | Reached skill level 1 in Armour
  2472 | D:3      | Gained mutation: You have a pair of small horns on your
                  | head. [demonic ancestry]
  2472 | D:3      | Reached XP level 5. HP: 37/37 MP: 7/10
  3371 | D:4      | Noticed a black bear
  3377 | D:4      | Killed a black bear
  3487 | D:4      | Reached XP level 6. HP: 44/44 MP: 5/11
  3607 | D:4      | Learned a level 2 spell: Blink
  3610 | D:4      | Learned a level 2 spell: Call Imp
  3770 | D:4      | Found a radiant altar of Vehumet.
  4470 | D:5      | Entered Level 5 of the Dungeon
  4512 | D:5      | Noticed a water moccasin
  4518 | D:5      | Killed a water moccasin
  4639 | D:5      | Reached XP level 7. HP: 51/51 MP: 5/12
  5327 | D:5      | Found a staircase to the Ecumenical Temple.
  5344 | Temple   | Entered the Ecumenical Temple
  6309 | D:6      | Noticed Pikel
  6325 | D:5      | Killed Pikel
  6326 | D:5      | Gained mutation: You sometimes gain a little power by
                  | taking damage. [demonic ancestry]
  6326 | D:5      | Reached XP level 8. HP: 43/58 MP: 1/14
  6611 | D:6      | Noticed a boulder beetle
  6859 | D:6      | Gained mutation: You have a pair of horns on your head.
                  | [demonic ancestry]
  6859 | D:6      | Reached XP level 9. HP: 62/65 MP: 11/16
  6899 | D:6      | Killed a boulder beetle
  6900 | D:6      | Reached skill level 5 in Spellcasting
  7213 | D:6      | Found a broken altar of Ashenzari.
  7656 | D:6      | Found a burning altar of Makhleb.
  7891 | D:7      | Noticed Joseph
  7911 | D:7      | Identified the +1 robe "Zeuhugow" {Will+ rCorr Dex+3
                  | Archmagi}
  7928 | D:7      | Learned a level 4 spell: Iskenderun's Mystic Blast
  7988 | D:7      | Reached skill level 5 in Stealth
  7988 | D:7      | Reached skill level 5 in Conjurations
  8115 | D:7      | Identified the ring "Biek" {Fly rPois MP+9 SInv}
  8413 | D:7      | HP: 1/59 [Joseph/+0 quarterstaff (4)]
  8416 | D:7      | Killed Joseph
  8721 | D:7      | Reached skill level 5 in Fighting
  8998 | D:8      | Reached skill level 5 in Summonings
  8998 | D:8      | Gained mutation: You are mostly covered in yellow scales.
                  | (AC +3) [demonic ancestry]
  8998 | D:8      | Reached XP level 10. HP: 74/74 MP: 18/18
  9313 | D:8      | Reached skill level 5 in Dodging
  9490 | D:8      | Learned a level 2 spell: Poisonous Vapours
  9719 | D:8      | Reached skill level 5 in Translocations
  9966 | D:8      | Noticed a cyclops
  9974 | D:8      | Killed a cyclops
  9975 | D:8      | Reached skill level 5 in Armour
 10879 | D:9      | Noticed a green ugly thing
 10882 | D:9      | Noticed a cyclops
 10884 | D:9      | Noticed a cyclops
 10966 | D:8      | Killed a green ugly thing
 11219 | D:9      | Killed a cyclops
 11388 | D:8      | Reached XP level 11. HP: 81/81 MP: 17/20
 11713 | D:9      | Noticed a two-headed ogre
 11730 | D:9      | Killed a two-headed ogre
 11855 | D:9      | Noticed a white ugly thing
 11870 | D:9      | Killed a purple ugly thing
 11937 | D:9      | Noticed a two-headed ogre
 11965 | D:9      | Killed a two-headed ogre
 12188 | D:9      | Noticed a two-headed ogre
 12244 | D:9      | Killed a two-headed ogre
 12309 | D:9      | Noticed a five-headed hydra
 12324 | D:9      | Killed a five-headed hydra
 12366 | D:9      | Gained mutation: You occasionally lose the ability to read
                  | scrolls when taking damage. [potion of mutation]
 12366 | D:9      | Gained mutation: You are occasionally teleported next to
                  | monsters. [potion of mutation]
 12366 | D:9      | Gained mutation: You passively map a small area around you.
                  | [potion of mutation]
 12366 | D:9      | Gained mutation: You possess an exceptional clarity of
                  | mind. [potion of mutation]
 12537 | D:9      | Identified the ring of Lomono {rElec Will+ Int+2 Dex+2}
 12552 | D:9      | Identified the +8 shortbow of Woe {freeze, rF+ Dex+4}
 13034 | D:10     | Entered Level 10 of the Dungeon
 13091 | D:10     | Found a staircase to the Lair.
 13413 | D:10     | Reached skill level 1 in Shields
 13417 | D:10     | Reached skill level 1 in Ranged Weapons
 13471 | D:10     | Found a shimmering blue altar of Sif Muna.
 13476 | D:10     | Became a worshipper of Sif Muna the Loreminder
 13994 | D:11     | Found a staircase to the Orcish Mines.
 14054 | D:11     | Gained mutation: Spells you cast may paralyse nearby
                  | enemies. [demonic ancestry]
 14054 | D:11     | Reached XP level 12. HP: 84/89 MP: 6/22
 14359 | D:11     | Found a shimmering blue altar of Sif Muna.
 14413 | D:11     | Noticed a two-headed ogre
 14429 | D:11     | Killed a two-headed ogre
 14451 | D:11     | Identified the +5 hand axe of Discord {holy, Fragile +Blink
                  | rC+ Str+6}
 15074 | D:12     | Learned a level 1 spell: Foxfire
 15633 | D:12     | Noticed Fannar
 15651 | D:12     | Killed Fannar
 15658 | D:12     | Lost mutation: You occasionally lose the ability to read
                  | scrolls when taking damage. [potion of mutation]
 15658 | D:12     | Lost mutation: You are occasionally teleported next to
                  | monsters. [potion of mutation]
 15658 | D:12     | Lost mutation: You possess an exceptional clarity of mind.
                  | [potion of mutation]
 15658 | D:12     | Gained mutation: Your flesh is cold resistant. (rC+)
                  | [potion of mutation]
 15658 | D:12     | Gained mutation: You have hidden genetic potential. [potion
                  | of mutation]
 16042 | D:12     | Noticed a two-headed ogre
 16052 | D:12     | Killed a two-headed ogre
 16252 | D:12     | Noticed Frances
 16718 | D:12     | Killed Frances
 17083 | D:13     | Reached skill level 1 in Invocations
 17098 | D:13     | Reached * piety under Sif Muna
 17320 | D:13     | Found a portal to a secret trove of treasure.
 17413 | D:13     | Noticed a boulder beetle
 17422 | D:13     | Killed a boulder beetle
 17423 | D:13     | Reached skill level 1 in Fire Magic
 17423 | D:13     | Reached skill level 1 in Air Magic
 17423 | D:13     | Reached skill level 1 in Poison Magic
 17532 | D:13     | Noticed a vault guard
 17532 | D:13     | Noticed a vault guard
 17544 | D:13     | Noticed a vault guard
 17546 | D:13     | Noticed a vault guard
 17550 | D:13     | Killed a vault guard
 17550 | D:13     | Noticed a vault guard
 17553 | D:13     | Noticed a vault guard
 17554 | D:13     | Noticed a vault guard
 17570 | D:13     | Identified the +1 leather armour "Gevez" {rC+++ Dex-5 SInv
                  | Stlth-}
 17573 | D:13     | Identified the ring "Maec" {rN++ AC+4 Str-5 Dex+2}
 17596 | D:13     | Noticed a vault guard
 17639 | D:12     | Slain by a skeletal warrior

Illustrated notes

Levels and vault maps discovered:
D:1:      dpeg_arrival_windows_large_door, layout_rooms,
          shapermc_ecumenical_altar_petra, st_stairs_12
D:2:      layout_basic, serial_shops, shop_statue
D:3:      layout_basic, nicolae_elyvilon_temple_path
D:4:      layout_basic, mainiacjoe_overflow_24_doors
D:5:      layout_cave_pods, minmay_temple_entry_hall, serial_park,
          serial_park_fountain, serial_park_avenue1, serial_park_tiny_2,
          serial_park_gazebo [serial_park_minivault_5x5_4],
          chequers_serial_rivers_small_b
D:6:      minmay_chambers_of_sixes, layout_rooms, lemuel_coloured_pillars_altar,
          tso_metal_star, lemuel_round_altar, ashenzari_conservatory_becter,
          serial_bayou_lagoon_a, uniq_pikel
D:7:      wad_pebble_path, layout_basic, uniq_joseph
D:8:      cheibrodos_ideogram_h, layout_loops_corners
D:9:      minmay_blocky_corners, layout_long_grid
D:10:     layout_irregular_city, kennysheep_little_box, david_lair_generic
D:11:     layout_gridville, orc_0_dummy, serial_park_tiny_1,
          nicolae_hexahallways, led_sif_pool
D:12:     layout_stronghold, uniq_fannar, uniq_frances
D:13:     layout_basic, erik_vaults_2, enter_trove_6,
          nicolae_qazlal_scattered_showers
Temple:   regret_index_temple_generic_petals

Skill      XL: |  1  2  3  4  5  6  7  8  9 10 11 12 |
---------------+-------------------------------------+-----
Translocations | 1 2 3 4 5 6 |  6.9
Fighting       | 1 2 3 4 5 6 7 |  7.4
Dodging        | 2 3 4 5 6 7 |  7.1
Stealth        | 2 3 4 5 6 7 |  7.6
Armour         | 1 2 3 4 5 6 |  6.7
Conjurations   | 2 3 4 5 6 7 |  7.7
Summonings     | 2 3 4 5 6 7 |  7.5
Spellcasting   | 4 5 6 7 |  7.5
Shields        | 1 2 |  2.8
Ranged Weapons | 1 2 |  2.9
Invocations    | 1 |  1.9
Fire Magic     | 1 |  1.2
Air Magic      | 1 |  1.2
Poison Magic   | 1 |  1.2

Action                   |  1- 3 |  4- 6 |  7- 9 | 10-12 || total
-------------------------+-------+-------+-------+-------++-------
Melee: Dagger            |    33 |    49 |   101 |    77 ||   260
       Headbutt          |       |     8 |    29 |    29 ||    66
       Punch             |       |       |     1 |       ||     1
       Hand axe          |       |       |       |    55 ||    55
       Trident           |       |       |       |     6 ||     6
 Fire: Shortbow          |       |       |       |   165 ||   165
 Cast: Magic Dart        |    66 |    77 |   158 |   175 ||   476
       Call Imp          |       |     4 |    15 |    35 ||    54
       Iskenderun's Myst |       |       |    10 |   111 ||   121
       Blink             |       |       |     1 |     2 ||     3
       Poisonous Vapours |       |       |       |   103 ||   103
       Foxfire           |       |       |       |   112 ||   112
  Use: Scroll            |       |       |    17 |     5 ||    22
       Potion            |       |       |     6 |     2 ||     8
 Stab: Paralysed         |    16 |    36 |    36 |    64 ||   152
       Sleeping          |     2 |     4 |     1 |     4 ||    11
       Distracted        |       |       |     1 |       ||     1
Armor: Robe              |     8 |    11 |    44 |   105 ||   168
Dodge: Dodged            |    25 |    30 |   102 |   243 ||   400
Block: Buckler           |       |       |       |    21 ||    21
